 Dungeon Crawl Stone Soup version 0.24-a0-525-g9231cdcba1 (webtiles) character file.

Game seed: 6539107469131522856

30708 Bapho the Marksminotaur (level 13, -17/103 HPs)
             Began as a Minotaur Berserker on July 31, 2019.
             Was a High Priest of Trog.
             Demolished by a komodo dragon (21 damage)
             ... on level 4 of the Lair of Beasts.
             The game lasted 00:33:01 (15983 turns).

Bapho the Marksminotaur (Minotaur Berserker)       Turns: 15983, Time: 00:33:03

Health: -17/103    AC: 14    Str: 25    XL:     13   Next: 22%
Magic:  4/4        EV: 11    Int:  2    God:    Trog [*****.]
Gold:   710        SH:  4    Dex: 22    Spells: 12/12 levels left

rFire    + + .     SeeInvis .   a - +2 battleaxe (antimagic)
rCold    . . .     Gourm    +   (shield currently unavailable)
rNeg     . . .     Faith    .   y - +5 chain mail {rF+}
rPois    +         Spirit   .   (helmet restricted)
rElec    .         Reflect  .   B - +1 cloak "Qounuob" {Dex+10 Stlth+}
rCorr    .         Harm     .   (no gloves)
MR       .....     Rnd*Rage +   N - +0 pair of boots
Stlth    ..........             i - amulet of the gourmand
HPRegen  0.27/turn              L - ring of fire
MPRegen  0.09/turn              S - ring of poison resistance

@: heavily drained
A: retaliatory headbutt, horns 2, large bone plates 1, berserk 1, cold
resistance 1, deformed body, dopey 1
a: Berserk, Trog's Hand, Brothers in Arms, Renounce Religion


You were on level 4 of the Lair of Beasts.
You worshipped Trog.
Trog was extremely pleased with you.
You were full.

You visited 2 branches of the dungeon, and saw 15 of its levels.
You also visited: Bailey and Volcano.

You collected 1020 gold pieces.
You spent 310 gold pieces at shops.

Inventory:

Hand Weapons
 a - a +2 antimagic battleaxe (weapon)
 b - a +3 longbow of flaming
 X - a +2 battleaxe of flaming
Missiles
 e - 350 arrows
 g - 437 stones
 r - 15 boomerangs (quivered)
Armour
 d - a scarf of repulsion
 y - a +5 chain mail of fire resistance (worn)
 B - the +1 cloak "Qounuob" (worn) {Dex+10 Stlth+}
   (You bought it in a shop on level 8 of the Dungeon)

   It affects your dexterity (+10).
   It makes you more stealthy.
 N - a +0 pair of boots (worn)
Jewellery
 i - an amulet of the gourmand (around neck)
 u - an uncursed ring of flight
 z - an uncursed ring of resist corrosion
 G - an uncursed ring of stealth
 L - a ring of fire (left hand)
 O - the ring of Koirroma {-Tele rCorr Str+5 Slay+5}
   (You found it on level 10 of the Dungeon)

   [ring of resist corrosion]

   It affects your strength (+5).
   It affects your accuracy and damage with ranged weapons and melee attacks
   (+5).
   It prevents most forms of teleportation.
   It provides partial protection from all sources of acid and corrosion.
 Q - an uncursed amulet of the acrobat {unknown}
 S - a ring of poison resistance (right hand)
Wands
 k - a wand of acid (19)
 o - a wand of enslavement (11)
 s - a wand of digging (7)
 D - a wand of scattershot (5)
 E - a wand of disintegration (18)
 M - a wand of polymorph (3)
 P - a wand of iceblast (12)
 Y - a wand of random effects (21)
Scrolls
 n - 5 scrolls of remove curse
 p - 6 scrolls of teleportation
 t - 3 scrolls of amnesia
 w - a scroll of blinking {unknown}
 C - 3 scrolls of enchant armour
 F - 4 scrolls of enchant weapon
 J - a scroll of brand weapon {unknown}
 K - a scroll of summoning
 R - a scroll of vulnerability {unknown}
 U - a scroll of fog {unknown}
Potions
 f - a potion of cancellation
 h - 5 potions of might
 j - 3 potions of flight
 l - a potion of ambrosia {unknown}
 m - 5 potions of heal wounds
 q - 22 potions of degeneration
 v - 5 potions of curing
 x - 5 potions of haste
 A - a potion of lignification
 I - 3 potions of invisibility
 V - a potion of resistance {unknown}
 W - a potion of berserk rage
 Z - a potion of experience {unknown}
Comestibles
 c - 39 rations


   Skills:
 - Level 6.4(5.0) Fighting
 - Level 16.0(14.4) Axes
 + Level 16.7(15.0) Bows
 - Level 5.7(4.4) Armour
 - Level 5.1(3.9) Dodging


You had 12 spell levels left.
You didn't know any spells.
Your spell library was empty.

Dungeon Overview and Level Annotations

Branches:
Dungeon (11/15)            Temple (0/1) D:5            Lair (4/6) D:8
 Shoals (0/4) Lair:3        Snake (0/4) Lair:4
    Orc: D:9-12

Altars:
Elyvilon
Gozag
Hepliaklqana
Makhleb
Nemelex Xobeh
Okawaru
Qazlal
Trog
Uskayaw
Zin
The Shining One

Shops:
D:4 (   D:8 [   D:9 *


Innate Abilities, Weirdness & Mutations

You reflexively headbutt those who attack you in melee.
You have a pair of horns on your head.
You are partially covered in large bone plates. (SH +4)
You tend to lose your temper in combat.
Your flesh is cold resistant. (rC+)
Armour fits poorly on your strangely shaped body.
You are dopey. (Int -2)


Message History

The ten-headed hydra bites you but does no damage. x5
The komodo dragon bites you!!
* * * LOW HITPOINT WARNING * * *
The ten-headed hydra bites you but does no damage.
You block the ten-headed hydra's attack.
The ten-headed hydra bites you but does no damage.
You block the ten-headed hydra's attack.
The ten-headed hydra bites you but does no damage. x2
The ten-headed hydra bites you!
* * * LOW HITPOINT WARNING * * *
The ten-headed hydra barely misses you.
The ten-headed hydra bites you but does no damage.
You block the ten-headed hydra's attack.
As you read the scroll of summoning, it crumbles to dust.
Wisps of shadow whirl around you... The wraith hits your yak!
The wraith drains your yak's vigour!
Your yak seems to slow down.
The wraith barely misses you. You furiously retaliate!
You headbutt the wraith! The komodo dragon bites you!!
You die...

.)
...............###
..
................###
.. ...###.#.##.#.#
#. #..P ######..## #
#Y.# ##.# # #F.# ###
#.## #
#F.####.####..# .
#FWY.........##
....##.D@YS........#
......Yl##≈≈≈≈§#####
...<..W.###≈≈≈##
.....(... #≈#≈#
....(....######
...(......
..((.......
...........
(.(.........


You could see a ten-headed hydra, a komodo dragon, 2 wraiths, 4 friendly yaks, 3
friendly blink frogs and a friendly water moccasin.

Vanquished Creatures
  Kirke (Lair:4)
  Josephine (Lair:4)
  2 hydras (Lair:2)
  A centaur warrior (Volcano)
  4 two-headed ogres
  Erica (Lair:1)
  A hell knight (Volcano)
  Sonja (Lair:1)
  An unseen horror (D:10)
  An orc knight (Bailey)
  A cyclops (D:11)
  A merfolk siren (Lair:3)
  4 elephants (Lair:4)
  The ghost of TribbleFun the Skirmisher, a novice HOFi (D:4)
  A yaktaur (Volcano)
  8 komodo dragons
  7 hippogriffs
  8 blink frogs
  A troll (D:10)
  A wraith (Lair:4)
  18 yaks
  5 hogs (Lair:4)
  2 wyverns
  A human (D:11)
  2 basilisks (Lair:3)
  2 hungry ghosts
  3 wargs (D:8)
  A naga (Lair:4)
  2 ice beasts (D:6)
  14 orc warriors
  7 porcupines
  4 water moccasins
  4 black bears
  A sky beast (D:8)
  2 phantoms
  3 ogres
  6 centaurs
  8 crocodiles
  3 big kobolds
  13 bullfrogs
  2 scorpions
  10 killer bees (D:8)
  An electric eel (Lair:1)
  2 centaur zombies
  4 crimson imps
  4 jellies
  2 centaur skeletons
  6 hounds
  4 orc priests
  3 iron imps (D:7)
  12 orc wizards
  2 bullfrog skeletons (D:7)
  14 iguanas
  5 worker ants
  A killer bee zombie (D:9)
  3 hound skeletons
  A worker ant zombie (D:7)
  11 gnolls
  14 adders
  A shadow imp (D:8)
  An ooze (D:1)
  4 worms
  4 dart slugs
  4 leopard geckos
  77 orcs
  8 giant cockroaches
  9 goblins
  11 hobgoblins
  16 jackals
  3 quokkas
  3 ball pythons
  A ball python skeleton (D:5)
  3 bats
  5 frilled lizards
  A giant cockroach zombie (D:3)
  23 kobolds
  A leopard gecko zombie (D:6)
  A quokka skeleton (D:4)
  7 rats
  A fungus (Lair:4)
  2 plants (Lair:3)
435 creatures vanquished.

Vanquished Creatures (collateral kills)
  A yaktaur (Volcano)
  A centaur (Volcano)
2 creatures vanquished.

Vanquished Creatures (others)
  2 humans (Lair:4)
  3 fungi
  3 plants
8 creatures vanquished.

Grand Total: 445 creatures vanquished

Notes
Turn   | Place    | Note
-------+----------+-------------------------------------------
     0 | D:1      | Bapho the Minotaur Berserker began the quest for the Orb.
     0 | D:1      | Reached XP level 1. HP: 19/19 MP: 0/0
    43 | D:1      | Reached XP level 2. HP: 25/27 MP: 1/1
   440 | D:1      | Reached ** piety under Trog
   440 | D:1      | Reached XP level 3. HP: 33/33 MP: 2/2
  1127 | D:2      | Reached XP level 4. HP: 35/40 MP: 3/3
  1466 | D:2      | Reached skill level 5 in Axes
  1948 | D:2      | Reached XP level 5. HP: 45/47 MP: 4/4
  2511 | D:3      | Reached *** piety under Trog
  2752 | D:3      | Reached XP level 6. HP: 55/55 MP: 5/5
  3238 | D:4      | Reached skill level 5 in Fighting
  3309 | D:4      | Found a runed translucent door.
  3321 | D:4      | Found a hide-covered altar of Uskayaw.
  3633 | D:4      | Found Asoheb's Antique Weapon Shoppe.
  3853 | D:4      | Noticed TribbleFun's ghost (novice HOFi)
  3858 | D:4      | Reached XP level 7. HP: 61/61 MP: 6/6
  3876 | D:4      | Killed TribbleFun's ghost
  3876 | D:4      | Reached **** piety under Trog
  3876 | D:4      | Reached skill level 5 in Armour
  4228 | D:4      | Reached XP level 8. HP: 70/70 MP: 7/7
  4372 | D:5      | Entered Level 5 of the Dungeon
  4387 | D:5      | Reached skill level 5 in Dodging
  4469 | D:5      | Found a staircase to the Ecumenical Temple.
  4661 | D:5      | Reached skill level 1 in Bows
  5368 | D:6      | Found a sparkling altar of Nemelex Xobeh.
  5524 | D:6      | Found a bloodstained altar of Trog.
  5531 | D:6      | Reached ***** piety under Trog
  5531 | D:6      | Reached XP level 9. HP: 78/78 MP: 8/8
  5691 | D:6      | Found a white marble altar of Elyvilon.
  5698 | D:6      | Reached skill level 10 in Axes
  5701 | D:6      | Received a gift from Trog
  5701 | D:6      | Reached skill level 5 in Bows
  5706 | D:6      | Found an opulent altar of Gozag.
  5714 | D:6      | Found a hazy altar of Hepliaklqana.
  5915 | D:7      | Found a burning altar of Makhleb.
  5995 | D:7      | Found an iron altar of Okawaru.
  6534 | D:8      | Noticed a two-headed ogre
  6853 | D:8      | Noticed a two-headed ogre
  6860 | D:8      | Killed a two-headed ogre
  6866 | D:8      | Killed a two-headed ogre
  6866 | D:8      | Reached XP level 10. HP: 76/84 MP: 9/9
  7117 | D:8      | Found a flagged portal.
  7126 | Bailey   | Entered a bailey
  7778 | Bailey   | Received a gift from Trog
  7986 | Bailey   | Noticed an orc knight
  8006 | Bailey   | Killed an orc knight
  8006 | Bailey   | Reached skill level 10 in Bows
  8127 | Bailey   | Identified a scroll of acquirement
  8128 | Bailey   | Got a bone demon blade
  8132 | Bailey   | Identified the +3 demon blade of Yredelemnul's Scorn {elec,
                  | *Rage rPois Str+7} (You acquired it in a bailey)
  9054 | D:8      | Found a staircase to the Lair.
  9162 | D:8      | Found Ikideant's Antique Armour Emporium.
  9170 | D:8      | Bought a scorched cloak for 256 gold pieces
  9180 | D:8      | Identified the +1 cloak "Qounuob" {Dex+10 Stlth+} (You
                  | bought it in a shop on level 8 of the Dungeon)
  9218 | D:8      | Reached XP level 11. HP: 67/91 MP: 10/10
  9440 | D:9      | Found Voxaasy's Assorted Antiques.
  9455 | D:9      | Bought a scroll of identify for 54 gold pieces
  9645 | D:9      | Found a glowing golden altar of the Shining One.
  9645 | D:9      | Found a stormy altar of Qazlal.
  9946 | D:9      | Received a gift from Trog
 10435 | D:10     | Entered Level 10 of the Dungeon
 10561 | D:10     | Noticed a two-headed ogre
 10568 | D:10     | Killed a two-headed ogre
 10761 | D:10     | Noticed a two-headed ogre
 10775 | D:10     | Killed a two-headed ogre
 10789 | D:10     | Found a glowing silver altar of Zin.
 10888 | D:10     | Reached ****** piety under Trog
 10920 | D:10     | Got a translucent tin ring
 11101 | D:10     | Killed an unseen horror
 11863 | Lair:1   | Entered Level 1 of the Lair of Beasts
 11880 | Lair:1   | Reached skill level 15 in Axes
 11946 | Lair:1   | Noticed Erica
 11960 | Lair:1   | Killed Erica
 12386 | Lair:1   | Reached XP level 12. HP: 97/97 MP: 11/11
 12646 | Lair:1   | You fall into a shaft and drop 1 floor!
 13154 | Lair:1   | Noticed Sonja
 13163 | Lair:1   | Killed Sonja
 13571 | Lair:2   | Received a gift from Trog
 13850 | Lair:2   | Identified the ring of Koirroma {-Tele rCorr Str+5 Slay+5}
                  | (You found it on level 10 of the Dungeon)
 14030 | Lair:2   | Noticed an eight-headed hydra
 14036 | Lair:2   | Killed an eight-headed hydra
 14260 | Lair:2   | Noticed a seven-headed hydra
 14263 | Lair:2   | Killed a seven-headed hydra
 14507 | Lair:2   | Upgraded the game from 0.24-a0-524-gf43b32f898 to
                  | 0.24-a0-525-g9231cdcba1
 14831 | Lair:3   | Reached skill level 15 in Bows
 15044 | Lair:3   | Found a staircase to the Shoals.
 15116 | Lair:4   | Noticed Kirke
 15127 | Lair:4   | Killed Kirke
 15189 | Lair:4   | Found a staircase to the Snake Pit.
 15236 | Lair:4   | Reached XP level 13. HP: 86/103 MP: 4/12
 15460 | Lair:4   | Found a dark tunnel.
 15473 | Volcano  | Entered a volcano
 15497 | Volcano  | Found a burning altar of Makhleb.
 15839 | Volcano  | Gained mutation: You occasionally shout uncontrollably at
                  | your foes. [potion of mutation]
 15839 | Volcano  | Gained mutation: You are agile. (Dex +2) [potion of
                  | mutation]
 15839 | Volcano  | Gained mutation: You tend to lose your temper in combat.
                  | [potion of mutation]
 15839 | Volcano  | Gained mutation: Your muscles are strong. (Str +2) [potion
                  | of mutation]
 15883 | Volcano  | Lost mutation: You occasionally shout uncontrollably at
                  | your foes. [potion of mutation]
 15883 | Volcano  | Lost mutation: You are agile. (Dex +2) [potion of mutation]
 15883 | Volcano  | Lost mutation: Your muscles are strong. (Str +2) [potion of
                  | mutation]
 15883 | Volcano  | Gained mutation: You are dopey. (Int -2) [potion of
                  | mutation]
 15883 | Volcano  | Gained mutation: Your flesh is cold resistant. (rC+)
                  | [potion of mutation]
 15883 | Volcano  | Gained mutation: Armour fits poorly on your strangely
                  | shaped body. [potion of mutation]
 15883 | Volcano  | Gained mutation: You are partially covered in large bone
                  | plates. (SH +4) [potion of mutation]
 15972 | Lair:4   | Noticed Josephine
 15981 | Lair:4   | Killed Josephine
 15982 | Lair:4   | HP: 4/103 [ten-headed hydra (12)]
 15983 | Lair:4   | Demolished by a komodo dragon

Levels and vault maps discovered:
D:1:      lightli_arrival_chessboard, layout_basic, supply_closet_lemuel,
          st_stairs_10, minmay_misc_feat_iff
D:2:      layout_loops_ring
D:3:      layout_loops_ring
D:4:      layout_gridville, eat_drink_and_be_merry_uskayaw,
          ebering_ghost_sewer_d, first_ration, serial_shops,
          nicolae_shop_waterfront, minmay_misc_feat_rows
D:5:      layout_basic, minmay_temple_entry_glassed_door
D:6:      layout_loops_ring, grunt_temple_overflow_open, trog_ov_bears_minmay,
          nemelex_xobeh_ov_fountains_minmay, minmay_unpleasant_kobolds
D:7:      layout_basic, demons_altar, okawaru_metal_pillars_3
D:8:      layout_cave_pools, erik_lair_orcish_takeover, serial_shops,
          shop_statue, enter_bailey_7
D:9:      layout_basic, gammafunk_temple_overflow_elements, serial_shops, shop
D:10:     layout_gridville, basic_altar, minivault_26
D:11:     layout_irregular_city, grunt_pizzeria, lemuel_blue_sif_altar
Lair:1:   beast_lair_carwin_large_4, layout_loops_ring, serial_bayou_shore_a,
          uniq_erica, uniq_sonja
Lair:2:   layout_regular_city, grunt_megastairs_2
Lair:3:   layout_roguey, minmay_shoals_entry_lonely_mermaid, beast_lair_carwin_3
Lair:4:   layout_small_grid, guppyfry_snake_entry_island,
          nicolae_volcano_entry_hallway, grunt_megastairs_4,
          serial_bayou_shore_b, uniq_josephine, uniq_kirke

Skill      XL: |  1  2  3  4  5  6  7  8  9 10 11 12 |
---------------+-------------------------------------+-----
Axes           | 4 5 6 7 9 12 13 15 16 | 16.0
Fighting       | 4 5 6 |  6.4
Armour         | 3 4 5 |  5.7
Dodging        | 3 4 5 |  5.1
Bows           | 4 8 10 12 16 | 16.7

Action                   |  1- 3 |  4- 6 |  7- 9 | 10-12 | 13-15 || total
-------------------------+-------+-------+-------+-------+-------++-------
Melee: Hand axe          |    48 |   174 |   252 |    65 |       ||   539
       Headbutt          |     8 |    29 |    65 |    94 |    10 ||   206
       War axe           |       |       |       |   215 |       ||   215
       Longbow           |       |       |       |     1 |       ||     1
       Battleaxe         |       |       |       |    63 |    29 ||    92
 Fire: Shortbow          |       |       |    65 |   152 |       ||   217
       Longbow           |       |       |       |   185 |    15 ||   200
Throw: Stone             |    71 |    79 |       |       |       ||   150
       Boomerang         |       |    43 |    66 |    17 |       ||   126
Invok: Berserk           |       |     5 |     4 |     8 |     1 ||    18
       Trog's Hand       |       |       |       |     1 |     1 ||     2
       Brothers in Arms  |       |       |       |       |     1 ||     1
  Use: Scroll            |       |     4 |     1 |    15 |     1 ||    21
       Potion            |       |       |     2 |       |     6 ||     8
  Eat: Chunk             |     7 |    18 |    11 |    43 |     1 ||    80
Armor: Animal skin       |     6 |    11 |       |       |       ||    17
       Plate armour      |       |    60 |    28 |       |       ||    88
       Chain mail        |       |    15 |    93 |   242 |    33 ||   383
Dodge: Dodged            |    29 |    76 |   119 |   251 |    29 ||   504
Block: Other             |       |       |       |       |     5 ||     5

Table legend:
 A = Non-vault XP
 B = Vault XP
 C = Vault XP percentage of total XP
 D = Non-vault monster count
 E = Vault monster count
 F = Vault count percentage of total count
                 A         B        C        D         E       F
            +---------+---------+-------+---------+---------+-------
      Total |   27043 |   16826 |  38.4 |     322 |     112 |  25.8
            +---------+---------+-------+---------+---------+-------
        D:1 |      52 |      10 |  16.1 |      28 |       3 |   9.7
        D:2 |     146 |       0 |   0.0 |      25 |       0 |   0.0
        D:3 |     223 |       0 |   0.0 |      38 |       0 |   0.0
        D:4 |     455 |     558 |  55.1 |      30 |       4 |  11.8
        D:5 |     328 |       0 |   0.0 |      12 |       0 |   0.0
        D:6 |    1032 |     268 |  20.6 |      28 |       8 |  22.2
        D:7 |     392 |     122 |  23.7 |      15 |       3 |  16.7
        D:8 |    4629 |     653 |  12.4 |      45 |      12 |  21.1
        D:9 |    2017 |       0 |   0.0 |      25 |       0 |   0.0
       D:10 |    3988 |       0 |   0.0 |      19 |       0 |   0.0
       D:11 |     533 |     189 |  26.2 |       2 |       1 |  33.3
     Lair:1 |    4050 |    3917 |  49.2 |      23 |      17 |  42.5
     Lair:2 |    4586 |     250 |   5.2 |      15 |       1 |   6.2
     Lair:3 |    1149 |    1077 |  48.4 |       5 |       6 |  54.5
     Lair:4 |    3463 |    4653 |  57.3 |      12 |       9 |  42.9
     Bailey |       0 |    2228 | 100.0 |       0 |      40 | 100.0
    Volcano |       0 |    2901 | 100.0 |       0 |       8 | 100.0
            +---------+---------+-------+---------+---------+-------
